[Event "45th FIDE Womens Olympiad 2024"]
[Site "Budapest"]
[Date "2024.09.11"]
[Round "1.156"]
[White "Garcia Andrada, Heidy Nicole"]
[Black "lintle molise"]
[Result "1-0"]
[ECO "E72"]
[WhiteElo "2003"]
[BlackElo "1583"]
[Annotator "NA"]
[PlyCount "67"]
[EventDate "2024.09.05"]
[EventType "team-tourn"]
[EventCountry "HUN"]
[SourceTitle "playchess.com"]
[Source "ChessBase"]
[SourceQuality "1"]
[WhiteTeam "Peru"]
[BlackTeam "Lesotho"]
[WhiteTeamCountry "PER"]
[BlackTeamCountry "LES"]
[TimeControl "40/5400+30:1800+30"]

1. e4 d6 2. c4 g6 3. Nc3 Bg7 4. Nge2 e5 5. d4 Nd7 6. g3 Ngf6 7. Bg2 O-O 8. O-O c6 9. h3 Re8 10. Re1 Qc7 11. b3 a6 12. Bb2 Rb8 13. Rc1 Bh6 14. Rc2 Nh5 15. Kh2 Ndf6 16. Bc1 Bg7 17. Be3 Nd7 18. c5 exd4 19. cxd6 Qxd6 20. Bxd4 Qe7 21. f4 Nf8 22. Bf2 Rd8 23. Qc1 Ne6 24. e5 Bh8 25. Ne4 Nc7 26. g4 f5 27. gxh5 fxe4 28. hxg6 hxg6 29. Bxe4 Qh7 30. Rc3 Ne6 31. Rg1 Nf8 32. Bc5 Bg7 33. Rcg3 Rd7 34. Bxf8 1-0

[Event "45th FIDE Womens Olympiad 2024"]
[Site "Budapest"]
[Date "2024.09.11"]
[Round "1.157"]
[White "Medic, Mirjana"]
[Black "Gertrude Banini"]
[Result "1-0"]
[ECO "D15"]
[WhiteElo "2101"]
[BlackElo "1712"]
[Annotator "NA"]
[PlyCount "103"]
[EventDate "2024.09.05"]
[EventType "team-tourn"]
[EventCountry "HUN"]
[SourceTitle "playchess.com"]
[Source "ChessBase"]
[SourceQuality "1"]
[WhiteTeam "Croatia"]
[BlackTeam "Ghana"]
[WhiteTeamCountry "CRO"]
[BlackTeamCountry "GHA"]
[TimeControl "40/5400+30:1800+30"]

1. d4 d5 2. Nf3 Nf6 3. c4 c6 4. e3 a6 5. Nc3 Bg4 6. h3 Bh5 7. cxd5 cxd5 8. Qb3 Ra7 9. Be2 e6 10. Ne5 Bxe2 11. Nxe2 Bd6 12. O-O O-O 13. Bd2 Nbd7 14. Nd3 Ne4 15. Bb4 Bxb4 16. Qxb4 Nb8 17. Rfc1 Nc6 18. Qe1 Ra8 19. Nc5 Nxc5 20. Rxc5 Rc8 21. Rac1 Qb6 22. Qc3 h6 23. b4 Ne7 24. Nf4 Rc6 25. Nd3 Rfc8 26. a4 Qc7 27. Qa3 Qb8 28. b5 axb5 29. axb5 Rxc5 30. dxc5 Kf8 31. Qc3 Qc7 32. Ra1 Qd8 33. Ra7 Rb8 34. Qa3 Ke8 35. Ne5 Nc8 36. Ra4 Qc7 37. Nd3 Ne7 38. Qa1 Kf8 39. Qb2 Qd7 40. Ra7 Qc8 41. Qa3 Qd8 42. c6 bxc6 43. bxc6 Rc8 44. Ne5 Ke8 45. Rd7 Nxc6 46. Rxd8+ Nxd8 47. Qa4+ Kf8 48. Qd7 Ra8 49. g4 Kg8 50. Kg2 Kf8 51. h4 Kg8 52. Qe8+ 1-0

[Event "45th FIDE Womens Olympiad 2024"]
[Site "Budapest"]
[Date "2024.09.11"]
[Round "1.158"]
[White "Benson, Maud"]
[Black "Berke, Ana"]
[Result "0-1"]
[ECO "A14"]
[WhiteElo "1682"]
[BlackElo "2093"]
[Annotator "NA"]
[PlyCount "108"]
[EventDate "2024.09.05"]
[EventType "team-tourn"]
[EventCountry "HUN"]
[SourceTitle "playchess.com"]
[Source "ChessBase"]
[SourceQuality "1"]
[WhiteTeam "Ghana"]
[BlackTeam "Croatia"]
[WhiteTeamCountry "GHA"]
[BlackTeamCountry "CRO"]
[TimeControl "40/5400+30:1800+30"]

1. d4 d5 2. c4 e6 3. g3 Nf6 4. Bg2 Be7 5. Nf3 O-O 6. O-O c5 7. e3 Nc6 8. b3 b6 9. Bb2 Ba6 10. Qe2 cxd4 11. exd4 Ne4 12. Rd1 Rc8 13. Nbd2 Nxd2 14. Nxd2 Bf6 15. Qg4 Re8 16. Rac1 g6 17. Nf1 dxc4 18. d5 Bxb2 19. dxc6 Qf6 20. Rc2 c3 21. Qa4 Qf5 22. Ne3 Qa5 23. Qxa5 bxa5 24. Rd7 Red8 25. Bf1 Bxf1 26. Kxf1 Rxd7 27. cxd7 Rd8 28. Nc4 Rxd7 29. Nxa5 Rd1+ 30. Ke2 Ra1 31. a4 Rb1 32. Kd3 Rd1+ 33. Ke2 Rb1 34. Nc6 Ba1 35. b4 a6 36. Nb8 Rxb4 37. Nxa6 Rxa4 38. Nc5 Rb4 39. Kd3 e5 40. Ra2 Rd4+ 41. Ke2 Bb2 42. Nd3 e4 43. Nxb2 Rd2+ 44. Ke3 cxb2 45. Ra8+ Kg7 46. Rb8 Rc2 47. h3 f5 48. g4 Kf6 49. f3 exf3 50. Kxf3 fxg4+ 51. hxg4 Ke5 52. g5 Kd4 53. Rd8+ Kc3 54. Rc8+ Kd2 0-1

[Event "45th FIDE Womens Olympiad 2024"]
[Site "Budapest"]
[Date "2024.09.11"]
[Round "1.159"]
[White "Ivekovic, Tihana"]
[Black "Felix, Tobi"]
[Result "1-0"]
[ECO "A17"]
[WhiteElo "2143"]
[BlackElo "1677"]
[Annotator "NA"]
[PlyCount "71"]
[EventDate "2024.09.05"]
[EventType "team-tourn"]
[EventCountry "HUN"]
[SourceTitle "playchess.com"]
[Source "ChessBase"]
[SourceQuality "1"]
[WhiteTeam "Croatia"]
[BlackTeam "Ghana"]
[WhiteTeamCountry "CRO"]
[BlackTeamCountry "GHA"]
[TimeControl "40/5400+30:1800+30"]

1. d4 d5 2. c4 c6 3. Nf3 Nf6 4. g3 Bf5 5. Nc3 e6 6. cxd5 exd5 7. Bg2 h6 8. Qb3 Qb6 9. Qxb6 axb6 10. O-O Bb4 11. Bd2 O-O 12. Ne5 Re8 13. Rfe1 Nbd7 14. Nxd7 Nxd7 15. a3 Bxc3 16. Bxc3 Nf6 17. f3 Re3 18. Kf2 Rae8 19. a4 Bc2 20. a5 bxa5 21. Rxa5 Bb3 22. Bd2 R3e7 23. e3 Bc4 24. Bh3 b6 25. Ra3 Bb5 26. Bb4 Rc7 27. Bd6 Rb7 28. Rea1 Nd7 29. Ra7 Rxa7 30. Rxa7 c5 31. Bxd7 Bxd7 32. Rxd7 cxd4 33. exd4 Re6 34. Bb4 Rc6 35. Bc3 b5 36. Rb7 1-0

[Event "45th FIDE Womens Olympiad 2024"]
[Site "Budapest"]
[Date "2024.09.11"]
[Round "1.160"]
[White "Dotse Dzidzor Esi"]
[Black "Vujnovic, Patricija"]
[Result "0-1"]
[ECO "D32"]
[WhiteElo "1530"]
[BlackElo "2134"]
[Annotator "NA"]
[PlyCount "50"]
[EventDate "2024.09.05"]
[EventType "team-tourn"]
[EventCountry "HUN"]
[SourceTitle "playchess.com"]
[Source "ChessBase"]
[SourceQuality "1"]
[WhiteTeam "Ghana"]
[BlackTeam "Croatia"]
[WhiteTeamCountry "GHA"]
[BlackTeamCountry "CRO"]
[TimeControl "40/5400+30:1800+30"]

1. d4 d5 2. c4 e6 3. Nc3 c5 4. cxd5 cxd4 5. Qxd4 Nc6 6. Qd1 exd5 7. Qxd5 Bd6 8. Nf3 Nf6 9. Qd1 O-O 10. Bg5 h6 11. Bh4 g5 12. Bg3 Bb4 13. Qxd8 Rxd8 14. e3 Ne4 15. Rc1 Bf5 16. Be2 g4 17. Ne5 Nxg3 18. Nxc6 Nxe2 19. Kxe2 Bd3+ 20. Kd2 bxc6 21. a3 Be4+ 22. Ke2 Bxc3 23. Rxc3 Bxg2 24. Rhc1 Bf3+ 25. Kf1 Rd2 0-1

[Event "45th FIDE Womens Olympiad 2024"]
[Site "Budapest"]
[Date "2024.09.11"]
[Round "1.161"]
[White "Ollet, Myra"]
[Black "Kanakova, Natalie"]
[Result "0-1"]
[ECO "A45"]
[WhiteElo "1658"]
[BlackElo "2145"]
[Annotator "NA"]
[PlyCount "56"]
[EventDate "2024.09.05"]
[EventType "team-tourn"]
[EventCountry "HUN"]
[SourceTitle "playchess.com"]
[Source "ChessBase"]
[SourceQuality "1"]
[WhiteTeam "Guam"]
[BlackTeam "Czech Republic"]
[WhiteTeamCountry "GMA"]
[BlackTeamCountry "CZE"]
[TimeControl "40/5400+30:1800+30"]

1. d4 Nf6 2. Bf4 e6 3. h3 c5 4. Nf3 cxd4 5. Nxd4 e5 6. Nb5 exf4 7. Nd6+ Bxd6 8. Qxd6 Qb6 9. Qe5+ Qe6 10. Qc7 O-O 11. Qxf4 Qb6 12. Qc1 Ne4 13. e3 Qf6 14. f3 Qh4+ 15. Kd1 Nf2+ 16. Kd2 Nxh1 17. Be2 Ng3 18. Qe1 Qb4+ 19. Nc3 Nxe2 20. Qxe2 d5 21. a3 Qxb2 22. Ra2 Qb6 23. Qd3 Be6 24. Ra1 Nc6 25. Rb1 Qa5 26. Ke2 Rac8 27. Nb5 d4 28. Nd6 Ne5 0-1

[Event "45th FIDE Womens Olympiad 2024"]
[Site "Budapest"]
[Date "2024.09.11"]
[Round "1.162"]
[White "Rodshtein, Tereza"]
[Black "Ramas, Carmina Jasmine"]
[Result "1-0"]
[ECO "B07"]
[WhiteElo "2149"]
[BlackElo "1712"]
[Annotator "NA"]
[PlyCount "69"]
[EventDate "2024.09.05"]
[EventType "team-tourn"]
[EventCountry "HUN"]
[SourceTitle "playchess.com"]
[Source "ChessBase"]
[SourceQuality "1"]
[WhiteTeam "Czech Republic"]
[BlackTeam "Guam"]
[WhiteTeamCountry "CZE"]
[BlackTeamCountry "GMA"]
[TimeControl "40/5400+30:1800+30"]

1. e4 d6 2. d4 Nf6 3. Nc3 e5 4. dxe5 dxe5 5. Qxd8+ Kxd8 6. Bg5 Be6 7. O-O-O+ Kc8 8. Nge2 Nbd7 9. f3 c6 10. Kb1 Kc7 11. Nc1 Bb4 12. Bd2 Nc5 13. Nb5+ cxb5 14. Bxb4 Na6 15. Bd6+ Kc6 16. Bxe5 Rhd8 17. Be2 Ne8 18. Nb3 Bxb3 19. cxb3 Rxd1+ 20. Rxd1 Nac7 21. f4 f6 22. Bc3 Ne6 23. f5 Ng5 24. e5 fxe5 25. Bxe5 a6 26. h4 Nf7 27. Bf3+ Kb6 28. Bd4+ Kc7 29. Rc1+ Kb8 30. Bd5 Nfd6 31. g4 a5 32. Re1 b4 33. Re7 Ra6 34. Bxg7 a4 35. f6 1-0

[Event "45th FIDE Womens Olympiad 2024"]
[Site "Budapest"]
[Date "2024.09.11"]
[Round "1.163"]
[White "Benzon, Tiffany"]
[Black "Korenova, Martina"]
[Result "0-1"]
[ECO "C50"]
[WhiteElo "1610"]
[BlackElo "2104"]
[Annotator "NA"]
[PlyCount "56"]
[EventDate "2024.09.05"]
[EventType "team-tourn"]
[EventCountry "HUN"]
[SourceTitle "playchess.com"]
[Source "ChessBase"]
[SourceQuality "1"]
[WhiteTeam "Guam"]
[BlackTeam "Czech Republic"]
[WhiteTeamCountry "GMA"]
[BlackTeamCountry "CZE"]
[TimeControl "40/5400+30:1800+30"]

1. e4 e5 2. Nf3 Nc6 3. Bc4 Bc5 4. Nc3 Nf6 5. O-O d6 6. d3 Bg4 7. Be3 Nd4 8. Bxd4 Bxd4 9. h3 Bh5 10. g4 Nxg4 11. hxg4 Bxg4 12. Bxf7+ Kxf7 13. Nxe5+ dxe5 14. Qxg4 Rf8 15. Qh5+ Kg8 16. Kg2 c6 17. Ne2 Rf6 18. Ng3 Qf8 19. Qe2 Rd8 20. Rad1 Qf7 21. c3 Bb6 22. b4 g6 23. Qc2 Rf3 24. Ne2 Rxf2+ 25. Rxf2 Qxf2+ 26. Kh3 Rf8 27. Qb3+ Kg7 28. Ng3 Rf3 0-1

[Event "45th FIDE Womens Olympiad 2024"]
[Site "Budapest"]
[Date "2024.09.11"]
[Round "1.164"]
[White "Novosadova, Kristyna"]
[Black "Nacario, Ruth"]
[Result "1-0"]
[ECO "B07"]
[WhiteElo "2066"]
[BlackElo "1607"]
[Annotator "NA"]
[PlyCount "53"]
[EventDate "2024.09.05"]
[EventType "team-tourn"]
[EventCountry "HUN"]
[SourceTitle "playchess.com"]
[Source "ChessBase"]
[SourceQuality "1"]
[WhiteTeam "Czech Republic"]
[BlackTeam "Guam"]
[WhiteTeamCountry "CZE"]
[BlackTeamCountry "GMA"]
[TimeControl "40/5400+30:1800+30"]

1. e4 d6 2. d4 g6 3. Nc3 Nf6 4. f3 Bg7 5. Be3 O-O 6. Qd2 Re8 7. O-O-O c6 8. g4 Qa5 9. Bc4 b5 10. Bb3 Na6 11. h4 h5 12. gxh5 Nxh5 13. Qg2 e6 14. f4 Kh7 15. Nf3 f6 16. Rdg1 Re7 17. Qxg6+ Kg8 18. Qxh5 Rb8 19. f5 Rbb7 20. fxe6 Bxe6 21. Rxg7+ Rxg7 22. Qe8+ Kh7 23. Ng5+ Kh6 24. Nxe6+ Kh7 25. Ng5+ Kh6 26. Qh8+ Kg6 27. h5# 1-0

[Event "45th FIDE Womens Olympiad 2024"]
[Site "Budapest"]
[Date "2024.09.11"]
[Round "1.165"]
[White "Zherebtsova, Alexandra"]
[Black "Magno, Angelica"]
[Result "1-0"]
[ECO "E71"]
[WhiteElo "2239"]
[BlackElo "1544"]
[Annotator "NA RC"]
[PlyCount "49"]
[EventDate "2024.09.05"]
[EventType "team-tourn"]
[EventCountry "HUN"]
[SourceTitle "playchess.com"]
[Source "ChessBase"]
[SourceQuality "1"]
[WhiteTeam "Montenegro"]
[BlackTeam "Palau"]
[WhiteTeamCountry "MNE"]
[BlackTeamCountry "PAL"]
[TimeControl "40/5400+30:1800+30"]

1. d4 d6 2. c4 Nf6 3. Nc3 g6 4. e4 Bg7 5. h3 b6 6. Nf3 c5 7. dxc5 bxc5 8. e5 Nfd7 9. exd6 Bxc3+ 10. bxc3 O-O 11. Be2 Nc6 12. O-O e6 13. Be3 f5 14. Ng5 Qe8 15. Bf3 Bb7 16. Nxe6 Nf6 17. Nxf8 Qxf8 18. Rb1 Rb8 19. Rxb7 Rxb7 20. Bxc6 Rf7 21. Bxc5 Kg7 22. d7 Qd8 23. Bd4 Kf8 24. Bxf6 Rxf6 25. Ba4 1-0

[Event "45th FIDE Womens Olympiad 2024"]
[Site "Budapest"]
[Date "2024.09.11"]
[Round "1.166"]
[White "Sisior, Angelil"]
[Black "Skvortsova, Alena"]
[Result "0-1"]
[ECO "B23"]
[WhiteElo "1691"]
[BlackElo "2179"]
[Annotator "NA RC"]
[PlyCount "48"]
[EventDate "2024.09.05"]
[EventType "team-tourn"]
[EventCountry "HUN"]
[SourceTitle "playchess.com"]
[Source "ChessBase"]
[SourceQuality "1"]
[WhiteTeam "Palau"]
[BlackTeam "Montenegro"]
[WhiteTeamCountry "PAL"]
[BlackTeamCountry "MNE"]
[TimeControl "40/5400+30:1800+30"]

1. e4 c5 2. Nc3 Nc6 3. f4 g6 4. Nf3 Bg7 5. Bc4 e6 6. d3 Nge7 7. O-O O-O 8. Qe1 d5 9. Bb5 a6 10. Bxc6 Nxc6 11. e5 f6 12. Qh4 fxe5 13. Ng5 h6 14. Nf3 exf4 15. Bxf4 Qxh4 16. Nxh4 g5 17. Ng6 Rf6 18. Ne7+ Nxe7 19. Bd6 Rxf1+ 20. Rxf1 Bd4+ 21. Kh1 Nf5 22. Bxc5 Bxc5 23. Na4 Ba7 24. c3 b5 0-1

[Event "45th FIDE Womens Olympiad 2024"]
[Site "Budapest"]
[Date "2024.09.11"]
[Round "1.167"]
[White "Milovic, Aleksandra"]
[Black "Gemota, Joan"]
[Result "1-0"]
[ECO "C45"]
[WhiteElo "2121"]
[BlackElo "1567"]
[Annotator "NA RC"]
[PlyCount "43"]
[EventDate "2024.09.05"]
[EventType "team-tourn"]
[EventCountry "HUN"]
[SourceTitle "playchess.com"]
[Source "ChessBase"]
[SourceQuality "1"]
[WhiteTeam "Montenegro"]
[BlackTeam "Palau"]
[WhiteTeamCountry "MNE"]
[BlackTeamCountry "PAL"]
[TimeControl "40/5400+30:1800+30"]

1. e4 e5 2. Nf3 Nc6 3. Nc3 Nf6 4. d4 exd4 5. Nxd4 Nxd4 6. Qxd4 Be7 7. e5 c5 8. Qd1 Ng8 9. Bc4 d6 10. Qf3 f6 11. Qd5 Kd7 12. exd6 Bxd6 13. Bf4 Ne7 14. Qxd6+ Ke8 15. Qxd8+ Kxd8 16. O-O-O+ Bd7 17. Be6 Ke8 18. Rxd7 Nc6 19. Nd5 Rc8 20. Rxg7 Nd4 21. Nxf6+ Kd8 22. Rd7# 1-0

[Event "45th FIDE Womens Olympiad 2024"]
[Site "Budapest"]
[Date "2024.09.11"]
[Round "1.169"]
[White "Georgina Sackie"]
[Black "Librelato, Kathie Goulart"]
[Result "1/2-1/2"]
[ECO "D31"]
[WhiteElo "1688"]
[BlackElo "2181"]
[Annotator "ChessBase"]
[PlyCount "114"]
[EventDate "2024.09.05"]
[EventType "team-tourn"]
[EventCountry "HUN"]
[SourceTitle "playchess.com"]
[Source "ChessBase"]
[SourceQuality "1"]
[WhiteTeam "Liberia"]
[BlackTeam "Brazil"]
[WhiteTeamCountry "LBR"]
[BlackTeamCountry "BRA"]
[TimeControl "40/5400+30:1800+30"]

1. d4 d5 2. c4 e6 3. Nc3 c6 4. cxd5 exd5 5. Nf3 Bd6 6. Bg5 f6 7. Bh4 Ne7 8. Bg3 O-O 9. e3 Na6 10. a3 Nc7 11. Bd3 Bf5 12. Qc2 Bxd3 13. Qxd3 Re8 14. Bxd6 Qxd6 15. O-O Rad8 16. Rab1 a5 17. Rfc1 Ne6 18. a4 Qb4 19. Ne1 Nc8 20. Nc2 Qb3 21. Na1 Qb4 22. Nc2 Qe7 23. b4 axb4 24. Rxb4 Nd6 25. Rcb1 f5 26. Ne1 f4 27. e4 dxe4 28. Nxe4 Nc7 29. Nd2 c5 30. dxc5 Nf7 31. Qc2 Qxe1+ 32. Rxe1 Rxe1+ 33. Nf1 Rdd1 34. Qc4 Rc1 35. Qd3 Red1 36. Qe2 Re1 37. Qd3 Rcd1 38. Qc4 Rxf1+ 39. Qxf1 Rxf1+ 40. Kxf1 Nd8 41. Rxf4 Nce6 42. Rc4 Kf7 43. Ke2 Nc6 44. g3 Na5 45. Rb4 Nxc5 46. Rb5 Nab3 47. Ke3 Ke6 48. h4 Kd5 49. g4 Nd4 50. Rb2 Nc6 51. f4 Na5 52. Rb4 Nc4+ 53. Kf3 b6 54. g5 g6 55. Kg4 Ne3+ 56. Kf3 Nc4 57. Kg4 Ne3+ 1/2-1/2

[Event "45th FIDE Womens Olympiad 2024"]
[Site "Budapest"]
[Date "2024.09.11"]
[Round "1.170"]
[White "Alboredo, Julia"]
[Black "Meleh M. Davis"]
[Result "1-0"]
[ECO "B13"]
[WhiteElo "2127"]
[BlackElo "1602"]
[Annotator "NA"]
[PlyCount "67"]
[EventDate "2024.09.05"]
[EventType "team-tourn"]
[EventCountry "HUN"]
[SourceTitle "playchess.com"]
[Source "ChessBase"]
[SourceQuality "1"]
[WhiteTeam "Brazil"]
[BlackTeam "Liberia"]
[WhiteTeamCountry "BRA"]
[BlackTeamCountry "LBR"]
[TimeControl "40/5400+30:1800+30"]

1. e4 c6 2. d4 d5 3. exd5 cxd5 4. Bd3 Nc6 5. c3 Nf6 6. Bf4 Qb6 7. Qb3 Qxb3 8. axb3 Bg4 9. b4 e6 10. b5 Ne7 11. Nd2 Ng6 12. Bg3 Nh5 13. b6 a6 14. Bb5+ Kd8 15. Bc7+ Kc8 16. h3 Bxh3 17. Nxh3 Be7 18. Ba4 h6 19. Rc1 Nf6 20. c4 Bd8 21. cxd5 Nxd5 22. Bd6+ Bc7 23. Bxc7 Nxb6 24. Bxb6+ Kb8 25. Rc7 Rc8 26. Rxc8+ Kxc8 27. Ke2 Ne7 28. Rc1+ Nc6 29. Bxc6 bxc6 30. Rxc6+ Kb7 31. Rd6 Re8 32. Nc4 Re7 33. Na5+ Kc8 34. Rd8# 1-0

[Event "45th FIDE Womens Olympiad 2024"]
[Site "Budapest"]
[Date "2024.09.11"]
[Round "1.171"]
[White "Abigail Karyah"]
[Black "Tamarozi, Isabelle"]
[Result "1-0"]
[ECO "D32"]
[WhiteElo "1790"]
[BlackElo "2059"]
[Annotator "NA"]
[PlyCount "71"]
[EventDate "2024.09.05"]
[EventType "team-tourn"]
[EventCountry "HUN"]
[SourceTitle "playchess.com"]
[Source "ChessBase"]
[SourceQuality "1"]
[WhiteTeam "Liberia"]
[BlackTeam "Brazil"]
[WhiteTeamCountry "LBR"]
[BlackTeamCountry "BRA"]
[TimeControl "40/5400+30:1800+30"]

1. d4 d5 2. c4 e6 3. Nc3 c5 4. cxd5 exd5 5. Bf4 Nf6 6. Nf3 Nc6 7. e3 c4 8. Be2 Bb4 9. Qc2 Ne4 10. O-O Bxc3 11. bxc3 g5 12. Bg3 h5 13. h3 Bf5 14. Qb2 Nxg3 15. fxg3 Bd7 16. Nd2 Qc7 17. e4 dxe4 18. Nxe4 O-O-O 19. Nc5 Ne7 20. Bxc4 f5 21. Be6 Bxe6 22. Nxe6 Qxg3 23. Nxd8 Rxd8 24. Qa3 Nd5 25. Qc5+ Kb8 26. Rf3 Qh4 27. c4 Nf4 28. Qe5+ Ka8 29. Rb1 Rb8 30. Rfb3 a6 31. Rb6 Rc8 32. Rxb7 Ne2+ 33. Qxe2 Qxd4+ 34. Kh1 Rd8 35. Qf3 g4 36. Rb8+ 1-0

[Event "45th FIDE Womens Olympiad 2024"]
[Site "Budapest"]
[Date "2024.09.11"]
[Round "1.172"]
[White "Dias, Clara"]
[Black "Princess K. Banney"]
[Result "1-0"]
[ECO "B18"]
[WhiteElo "1954"]
[BlackElo "1447"]
[Annotator "NA"]
[PlyCount "49"]
[EventDate "2024.09.05"]
[EventType "team-tourn"]
[EventCountry "HUN"]
[SourceTitle "playchess.com"]
[Source "ChessBase"]
[SourceQuality "1"]
[WhiteTeam "Brazil"]
[BlackTeam "Liberia"]
[WhiteTeamCountry "BRA"]
[BlackTeamCountry "LBR"]
[TimeControl "40/5400+30:1800+30"]

1. e4 c6 2. d4 d5 3. Nc3 dxe4 4. Nxe4 Bf5 5. Ng3 Bg6 6. h4 h5 7. Nf3 Nd7 8. Bd3 Bxd3 9. Qxd3 Ngf6 10. Bf4 Qb6 11. O-O-O Nd5 12. Bd2 e6 13. Ng5 c5 14. c4 Qa6 15. Kb1 N5b6 16. b3 Rd8 17. Nxe6 Rc8 18. Ng5 Nd5 19. Rhe1+ Ne7 20. d5 f6 21. d6 Ne5 22. Rxe5 fxe5 23. d7+ Kd8 24. Ba5+ b6 25. Ne6# 1-0

[Event "45th FIDE Womens Olympiad 2024"]
[Site "Budapest"]
[Date "2024.09.11"]
[Round "1.174"]
[White "Zenobia Wasif"]
[Black "Argote Heredia, Valentina"]
[Result "0-1"]
[ECO "B20"]
[WhiteElo "1743"]
[BlackElo "2144"]
[Annotator "NA"]
[PlyCount "76"]
[EventDate "2024.09.05"]
[EventType "team-tourn"]
[EventCountry "HUN"]
[SourceTitle "playchess.com"]
[Source "ChessBase"]
[SourceQuality "1"]
[WhiteTeam "Pakistan"]
[BlackTeam "Colombia"]
[WhiteTeamCountry "PAK"]
[BlackTeamCountry "COL"]
[TimeControl "40/5400+30:1800+30"]

1. e4 c5 2. c4 Nc6 3. d3 d6 4. h3 g6 5. Nf3 Bg7 6. Nc3 e6 7. Be2 Nge7 8. Bg5 O-O 9. Qd2 Nd4 10. Nxd4 cxd4 11. Nd1 Bd7 12. Bh6 f5 13. Bxg7 Kxg7 14. f4 e5 15. O-O Bc6 16. b4 a6 17. Bf3 Rc8 18. a4 fxe4 19. dxe4 Rxf4 20. Nf2 Bd7 21. Nd3 Rf6 22. Nb2 Be6 23. Rac1 Qd7 24. Kh2 Rcf8 25. Qd3 g5 26. Be2 Ng6 27. Rxf6 Rxf6 28. Qg3 Nf4 29. Bf1 Rg6 30. Nd3 Nh5 31. Qf2 g4 32. Qe2 Qf7 33. c5 gxh3 34. gxh3 Nf4 35. Qf2 Rf6 36. cxd6 Nxd3 37. Qg3+ Rg6 38. Qxd3 Qf2+ 0-1

[Event "45th FIDE Womens Olympiad 2024"]
[Site "Budapest"]
[Date "2024.09.11"]
[Round "1.175"]
[White "Chirivi C, Jenny Astrid"]
[Black "Mehak Gul"]
[Result "1-0"]
[ECO "A60"]
[WhiteElo "2120"]
[BlackElo "1709"]
[Annotator "NA"]
[PlyCount "113"]
[EventDate "2024.09.05"]
[EventType "team-tourn"]
[EventCountry "HUN"]
[SourceTitle "playchess.com"]
[Source "ChessBase"]
[SourceQuality "1"]
[WhiteTeam "Colombia"]
[BlackTeam "Pakistan"]
[WhiteTeamCountry "COL"]
[BlackTeamCountry "PAK"]
[TimeControl "40/5400+30:1800+30"]

1. d4 Nf6 2. c4 e6 3. Nc3 c5 4. d5 exd5 5. cxd5 d6 6. Nf3 Bg4 7. Nd2 a6 8. h3 Bf5 9. e4 Bg6 10. a4 Nbd7 11. Be2 Be7 12. O-O O-O 13. f4 h6 14. Bf3 Rc8 15. Nc4 Kh8 16. a5 Re8 17. e5 Ng8 18. e6 fxe6 19. dxe6 Nf8 20. Bxb7 Rb8 21. Bc6 Nxe6 22. Bxe8 Bxe8 23. Nb6 Nf6 24. Ncd5 Nxd5 25. Nxd5 Nd4 26. f5 Bf6 27. Ra3 Bc6 28. Nxf6 Qxf6 29. Rg3 Re8 30. Rg6 Re2 31. Rg4 Re5 32. b4 Rxf5 33. bxc5 Rxf1+ 34. Qxf1 Qxf1+ 35. Kxf1 Bb5+ 36. Kf2 dxc5 37. Bb2 Ne6 38. Re4 Nd4 39. Bxd4 cxd4 40. Rxd4 Kg8 41. Rd6 Kf7 42. h4 Ke7 43. Rb6 Bd3 44. Ke3 Bf1 45. g3 Bc4 46. Ke4 Be2 47. Ke5 Kf7 48. Kd5 g6 49. Ke5 g5 50. Rxh6 gxh4 51. gxh4 Kg7 52. Rd6 Kf7 53. Kd5 Bf3+ 54. Kc5 Be2 55. Kb6 Ke7 56. Rh6 Kf7 57. Ka7 1-0

[Event "45th FIDE Womens Olympiad 2024"]
[Site "Budapest"]
[Date "2024.09.11"]
[Round "1.176"]
[White "Aayat Asmi"]
[Black "Lopez Rayo, Isabella"]
[Result "0-1"]
[ECO "B51"]
[WhiteElo "1421"]
[BlackElo "1952"]
[Annotator "NA"]
[PlyCount "82"]
[EventDate "2024.09.05"]
[EventType "team-tourn"]
[EventCountry "HUN"]
[SourceTitle "playchess.com"]
[Source "ChessBase"]
[SourceQuality "1"]
[WhiteTeam "Pakistan"]
[BlackTeam "Colombia"]
[WhiteTeamCountry "PAK"]
[BlackTeamCountry "COL"]
[TimeControl "40/5400+30:1800+30"]

1. e4 c5 2. Nf3 d6 3. Bb5+ Nd7 4. O-O a6 5. Be2 Ngf6 6. Nc3 b5 7. d3 g6 8. Bf4 Bg7 9. Re1 O-O 10. Qd2 Re8 11. Rad1 b4 12. Nb1 Qa5 13. a3 Nh5 14. axb4 cxb4 15. b3 Nxf4 16. Qxf4 Qc7 17. d4 e5 18. dxe5 dxe5 19. Qd2 Rb8 20. Rc1 Nc5 21. Bc4 Be6 22. Qe2 a5 23. Nbd2 Bh6 24. Ra1 Bd7 25. Nf1 Bc6 26. Bd3 Nxd3 27. Qxd3 Bb5 28. Qd1 Red8 29. Qb1 Bc6 30. Ng3 Rdc8 31. Qb2 Rb5 32. Reb1 Rc5 33. Qa2 Bb7 34. Ne1 Qb6 35. h3 Bd2 36. Nd3 Rxc2 37. Qxa5 Qd4 38. Nxe5 Bc3 39. Qa7 Bxa1 40. Qxa1 Qxf2+ 41. Kh1 Qxg2# 0-1

[Event "45th FIDE Womens Olympiad 2024"]
[Site "Budapest"]
[Date "2024.09.11"]
[Round "1.177"]
[White "Jacobs, Annelaine"]
[Black "Martynkova, Olena"]
[Result "0-1"]
[ECO "C00"]
[WhiteElo "1763"]
[BlackElo "2176"]
[Annotator "ChessBase"]
[PlyCount "70"]
[EventDate "2024.09.05"]
[EventType "team-tourn"]
[EventCountry "HUN"]
[SourceTitle "playchess.com"]
[Source "ChessBase"]
[SourceQuality "1"]
[WhiteTeam "Aruba"]
[BlackTeam "Lithuania"]
[WhiteTeamCountry "ARN"]
[BlackTeamCountry "LTU"]
[TimeControl "40/5400+30:1800+30"]

1. e4 c5 2. Nf3 e6 3. g3 Nc6 4. Bg2 Nf6 5. d3 d5 6. exd5 exd5 7. O-O Be7 8. Nbd2 O-O 9. Re1 Bg4 10. c3 d4 11. c4 Bd6 12. a3 Qd7 13. Ne4 Nxe4 14. Rxe4 f5 15. Re1 f4 16. Re4 fxg3 17. hxg3 Rae8 18. Rxe8 Qxe8 19. Qe1 Bxf3 20. Qxe8 Rxe8 21. Bxf3 Re1+ 22. Kg2 Na5 23. b4 Nb3 24. Rb1 Nxc1 25. bxc5 Bxc5 26. Rxb7 Nxd3 27. Bd5+ Kf8 28. Rf7+ Ke8 29. Rxg7 Re7 30. Rg8+ Kd7 31. a4 Ne1+ 32. Kf1 d3 33. Rb8 d2 34. Rb7+ Kd6 35. Rxe7 d1=Q 0-1

[Event "45th FIDE Womens Olympiad 2024"]
[Site "Budapest"]
[Date "2024.09.11"]
[Round "1.178"]
[White "Limontaite, Simona"]
[Black "Moreno Mora, Milaydes Lourdes"]
[Result "1-0"]
[ECO "E32"]
[WhiteElo "2177"]
[BlackElo "1694"]
[Annotator "ChessBase"]
[PlyCount "66"]
[EventDate "2024.09.05"]
[EventType "team-tourn"]
[EventCountry "HUN"]
[SourceTitle "playchess.com"]
[Source "ChessBase"]
[SourceQuality "1"]
[WhiteTeam "Lithuania"]
[BlackTeam "Aruba"]
[WhiteTeamCountry "LTU"]
[BlackTeamCountry "ARN"]
[TimeControl "40/5400+30:1800+30"]

1. d4 Nf6 2. c4 b6 3. Nc3 Bb7 4. Qc2 e6 5. Bg5 Bb4 6. a3 Bxc3+ 7. Qxc3 h6 8. Bh4 g5 9. Bg3 Ne4 10. Qc2 d6 11. e3 Nd7 12. f3 Nxg3 13. hxg3 g4 14. Bd3 gxf3 15. gxf3 Qg5 16. Qf2 O-O-O 17. O-O-O Kb8 18. Kb1 d5 19. Ka1 dxc4 20. Bxc4 Qg7 21. Ne2 Nf6 22. e4 Ne8 23. Rc1 Nd6 24. Bd3 e5 25. d5 Rdf8 26. g4 h5 27. gxh5 f5 28. Qe3 f4 29. Qg1 Qd7 30. Qg5 Nf7 31. Qf6 Rh6 32. Qg7 Rg8 33. Qxg8+ Qe8 1-0